Map: Deathaura LE

Players

PtitDrogo

  • Race: Protoss Protoss
  • Spawn Location: 5:00

Rail - Winner!

  • Race: Protoss Protoss
  • League: Master
  • Spawn Location: 11:00

Event: DreamHack SC2 Masters 2020 Winter

VOD

Have the link to the VOD?

Description

Time

  • Played on: Oct. 24, 2020, 11:23 a.m.
  • Length: 7:43

All games in this series

Show
View Real Time Build Order
Export as new Build Order

PtitDrogo Protoss 

Build Orders: Blink Stalkers 

Get SALT Encoding   

  12  0:00  Probe  
  13  0:12  Probe  
  14  0:16  Pylon  
  14  0:24  Probe  
  15  0:34  Gateway  
  15  0:37  Probe (Chrono Boost)  
  16  0:46  Assimilator, Probe (Chrono Boost)  
  17  0:51  Probe (Chrono Boost)  
  17  0:55  Assimilator  
  18  1:03  Probe (Chrono Boost)  
  19  1:07  Gateway  
  19  1:13  Probe (Chrono Boost)  
  19  1:18  Probe (Chrono Boost)  
  20  1:23  Cybernetics Core  
  21  1:29  Probe  
  22  1:39  Pylon  
  22  1:41  Probe  
  23  1:57  Probe  
  23  2:00  Stalker x2  
  28  2:01  Warp Gate  
  28  2:18  Pylon  
  28  2:25  Pylon  
  28  2:36  Nexus  
  28  2:38  Probe (Chrono Boost)  
  28  2:40  Sentry  
  28  2:41  Sentry  
  33  2:47  Probe (Chrono Boost)  
  34  2:52  Probe (Chrono Boost)  
  34  2:56  Pylon  
  35  3:04  Probe  
  36  3:07  Twilight Council  
  36  3:16  Probe (Chrono Boost)  
  36  3:18  Forge  
  37  3:28  Probe (Chrono Boost)  
  37  3:30  Shield Battery  
  38  3:36  Probe (Chrono Boost)  
  39  3:44  Blink  
  39  3:45  Probe (Chrono Boost)  
  40  3:48  Probe (Chrono Boost)  
  42  3:56  Adept  
  42  3:58  Protoss Ground Weapons Level 1 (Chrono Boost), Adept, Probe (Chrono Boost)  
  42  3:59  Probe (Chrono Boost)  
  47  4:03  Probe (Chrono Boost)  
  47  4:07  Probe  
  49  4:15  Probe  
  50  4:17  Pylon  
  50  4:19  Probe  
  51  4:27  Probe  
  51  4:31  Probe  
  53  4:35  Robotics Facility  
  53  4:39  Stalker x2, Probe  
  53  4:43  Probe  
  59  4:46  Assimilator  
  59  4:51  Pylon, Probe  
  60  4:55  Probe  
  61  5:00  Pylon  
  61  5:06  Gateway  
  61  5:07  Gateway  
  61  5:09  Pylon  
  61  5:10  Stalker x2  
  65  5:21  Nexus  
  65  5:23  Observer  
  65  5:24  Probe  
  67  5:33  Probe  
  68  5:36  Probe  
  68  5:40  Stalker x2  
  73  5:43  Charge (Chrono Boost)  
  73  5:47  Phoenix  
  73  5:48  Probe  
  74  5:50  Shield Battery  
  74  5:59  Gateway x2  
  74  6:03  Stalker  
  74  6:04  Stalker  
  76  6:16  Probe  
  77  6:19  Probe  
  77  6:20  Stalker x2  
  82  6:27  Zealot x2  
  88  6:32  Probe x2  
  88  6:33  Shield Battery  
  88  6:41  Shield Battery  
  88  6:44  Zealot x2  
  92  6:52  Zealot x2  
  96  6:57  Gateway, Zealot x2  
  96  7:01  Gateway  
  94  7:09  Stalker x2  
  94  7:13  Zealot x2  
  94  7:19  Zealot x2  
  81  7:36  Stalker x4  
Show
View Real Time Build Order
Export as new Build Order

Rail Protoss - Winner!

Build Orders:  

Get SALT Encoding   

  12  0:00  Probe  
  13  0:13  Probe  
  14  0:17  Pylon  
  14  0:25  Probe (Chrono Boost)  
  15  0:36  Gateway  
  15  0:37  Probe (Chrono Boost)  
  16  0:43  Probe (Chrono Boost)  
  16  0:45  Assimilator  
  17  0:51  Probe  
  17  0:53  Assimilator  
  18  1:03  Probe (Chrono Boost)  
  19  1:06  Gateway  
  19  1:12  Probe (Chrono Boost)  
  19  1:17  Probe (Chrono Boost)  
  20  1:23  Cybernetics Core  
  21  1:29  Pylon  
  21  1:31  Probe  
  22  1:43  Probe  
  23  1:55  Probe  
  23  2:00  Stalker, Sentry  
  23  2:01  Warp Gate  
  28  2:07  Probe  
  29  2:09  Pylon  
  29  2:27  Stalker  
  31  2:30  Stalker  
  33  2:45  Nexus  
  33  2:49  Probe  
  34  3:01  Probe  
  34  3:02  Pylon  
  34  3:05  Stalker  
  37  3:15  Robotics Facility  
  37  3:18  Probe  
  38  3:29  Twilight Council  
  38  3:30  Probe  
  39  3:42  Probe  
  39  3:44  Pylon  
  40  3:49  Stalker  
  42  3:57  Probe x2 (Chrono Boost)  
  44  4:03  Observer  
  44  4:06  Probe (Chrono Boost)  
  44  4:07  Blink, Probe (Chrono Boost)  
  47  4:12  Probe (Chrono Boost)  
  47  4:13  Probe (Chrono Boost)  
  51  4:24  Probe (Chrono Boost)  
  51  4:25  Probe (Chrono Boost)  
  51  4:28  Immortal  
  51  4:30  Probe x2 (Chrono Boost)  
  56  4:36  Assimilator  
  56  4:38  Probe  
  57  4:39  Probe  
  57  4:41  Gateway  
  59  4:46  Gateway  
  59  4:49  Sentry  
  61  4:56  Pylon  
  61  5:03  Nexus  
  61  5:09  Immortal (Chrono Boost)  
  61  5:13  Sentry  
  67  5:19  Gateway  
  67  5:23  Gateway  
  67  5:25  Sentry  
  69  5:29  Phoenix, Pylon  
  69  5:38  Immortal (Chrono Boost)  
  69  5:42  Pylon  
  73  5:44  Stalker  
  73  5:48  Probe  
  73  5:49  Probe  
  77  5:53  Pylon  
  77  6:03  Stalker  
  79  6:07  Warp Prism (Chrono Boost)  
  79  6:08  Stalker  
  83  6:12  Stalker  
  83  6:15  Stalker  
  87  6:20  Probe  
  88  6:26  Stalker  
  88  6:27  Probe  
  88  6:29  Stalker  
  88  6:32  Observer (Chrono Boost)  
  94  6:37  Probe  
  95  6:40  Stalker  
  95  6:42  Stalker  
  95  6:43  Zealot  
  95  6:45  Probe  
  95  6:46  Pylon  
  101  6:52  Probe x2  
  103  6:57  Stalker x2  
  103  6:58  Zealot  
  103  6:59  Probe  
  110  7:05  Stalker  
  112  7:11  Zealot x2  
  112  7:12  Probe  
  112  7:14  Probe  
  103  7:25  Zealot  
  103  7:27  Stalker x2  
  103  7:29  Probe  
  106  7:33  Stalker x2  
  106  7:34  Stalker  
Tags
 
Add a new tag
Caveats
  • Supply blocks, unpowered buildings, or Contaminate may cause inaccurate times.
  • Supply counts are checked every 10 seconds.